 Dungeon Crawl Stone Soup version 0.24.0-13-gcf9b319 (webtiles) character file.

Game seed: 17991862707396851940, levelgen mode: deterministic

62 Boetheseconed the Twirler (level 3, 0/28 HPs)
             Began as a Demonspawn Gladiator on Nov 26, 2019.
             Slain by a gnoll
             ... wielding a +0 spear
              (13 damage)
             ... on level 3 of the Dungeon.
             The game lasted 00:13:55 (1853 turns).

Boetheseconed the Twirler (Demonspawn Gladiator)    Turns: 1853, Time: 00:13:55

Health: 0/28       AC:  5    Str: 14    XL:     3   Next: 85%
Magic:  3/3        EV: 13    Int: 10    God:
Gold:   81         SH:  0    Dex: 14    Spells: 2/2 levels left

rFire    + . .     SeeInvis .   a - +0 quarterstaff
rCold    . . .     Gourm    .   (shield currently unavailable)
rNeg     . . .     Faith    .   b - +0 leather armour
rPois    .         Spirit   .   u - +1 hat
rElec    .         Reflect  .   (no cloak)
rCorr    .         Harm     +   (no gloves)
MR       .....     Rnd*Tele +   v - +0 pair of boots
Stlth    +.........             n - amulet of harm
HPRegen  0.09/turn              o - ring of teleportation (curse)
MPRegen  0.08/turn              (no ring)

@: no status effects
A: fire resistance 1
a: no special abilities


You were on level 3 of the Dungeon.
You were not hungry.

You visited 1 branch of the dungeon, and saw 3 of its levels.

You collected 81 gold pieces.

Inventory:

Hand Weapons
 a - a +0 quarterstaff (weapon)
Missiles
 d - 3 throwing nets (quivered)
Armour
 b - a +0 leather armour (worn)
 c - a +0 helmet
 u - a +1 hat (worn)
 v - a +0 pair of boots (worn)
Jewellery
 n - an amulet of harm (around neck)
 o - a cursed ring of teleportation (left hand)
 t - a cursed ring of teleportation
Scrolls
 g - a scroll of fear
 h - 3 scrolls of identify {unknown}
 i - a scroll of noise {unknown}
 k - a scroll of random uselessness {unknown}
 l - a scroll of teleportation {unknown}
 m - a scroll of fog {unknown}
 p - a scroll of blinking {unknown}
 r - a scroll of remove curse {unknown}
Potions
 e - a potion of might {unknown}
 j - a potion of haste {unknown}
 q - a potion of lignification {unknown}
 s - a potion of flight {unknown}
Comestibles
 f - 3 rations
 w - a chunk of flesh


   Skills:
 + Level 2.3 Fighting
 + Level 3.5 Staves
 + Level 1.8 Throwing
 + Level 1.1 Armour
 + Level 3.0 Dodging
 + Level 0.5 Stealth


You had 2 spell levels left.
You didn't know any spells.
Your spell library was empty.

Dungeon Overview and Level Annotations

Branches:
Dungeon (3/15)

Altars:
Uskayaw


Innate Abilities, Weirdness & Mutations

Your flesh is heat resistant. (rF+)


Message History

You are suddenly yanked towards some nearby monsters!
Your surroundings suddenly seem different.
The bat barely misses you.
A bat comes into view.
Found an escape hatch in the floor.
Found a stone staircase leading up. 3 gnolls come into view.
The gnoll shouts!
The bat barely misses you.
The gnoll hits you from afar with a +0 spear!
The bat misses you.
You hit the bat.
You kill the bat!
The gnoll misses you. The gnoll barely misses you.
A bullfrog comes into view.
The gnoll hits you but does no damage.
The bullfrog moves out of view.
You see here a bat corpse.
You thump the gnoll!
The gnoll is almost dead.
The gnoll misses you. The gnoll hits you with a +0 spear!
You die...

#......#
######......
#....#...####
#....#...# .
#........# ##
..##.>..#### ..
........#.<#.##..
#.....g#........
#....gg@...#
#.....####.#
#..... ♣ #.....
######


You could see 3 gnolls.

Vanquished Creatures
  2 worms
  2 leopard geckos
  3 ball pythons (D:2)
  11 bats
  2 giant cockroaches
  5 goblins
  7 hobgoblins
  4 jackals (D:2)
  A quokka (D:2)
  6 frilled lizards
  4 kobolds (D:1)
  5 rats
52 creatures vanquished.

Notes
Turn   | Place    | Note
-------+----------+-------------------------------------------
     0 | D:1      | Boetheseconed the Demonspawn Gladiator began the quest for
                  | the Orb.
     0 | D:1      | Reached XP level 1. HP: 16/16 MP: 1/1
   187 | D:1      | Gained mutation: Your flesh is heat resistant. (rF+)
                  | [demonic ancestry]
   187 | D:1      | Reached XP level 2. HP: 7/22 MP: 2/2
   231 | D:1      | HP: 1/22 [hobgoblin/+0 club (3)]
  1048 | D:1      | Reached XP level 3. HP: 27/27 MP: 3/3
  1215 | D:2      | Found a hide-covered altar of Uskayaw.
  1398 | D:2      | Reached skill level 1 in Armour
  1852 | D:3      | Noticed a bullfrog
  1853 | D:3      | Slain by a gnoll

Levels and vault maps discovered:
D:1:      dpeg_arrival_boxes_within_box, layout_loops_corners, minmay_vboxes
D:2:      layout_rooms, eat_drink_and_be_merry_uskayaw
D:3:      minmay_spotlight, layout_basic, serial_forest,
          infiniplex_forest_clump_small, infiniplex_forest_clump_curved,
          infiniplex_forest_straight_2, infiniplex_forest_corner_1,
          infiniplex_forest_lined_3, infiniplex_forest_end_1,
          infiniplex_forest_clump_C, chequers_ecumenical_altar_simple,
          uniq_sigmund

Skill      XL: |  1  2  3 |
---------------+----------+-----
Staves         | 3 |  3.5
Dodging        | 3 |  3.0
Armour         | 1 |  1.1
Fighting       | |  2.3
Throwing       | |  1.8
Stealth        | |  0.5

Action                   || total
-------------------------++-------
Melee: Quarterstaff      ||   142
  Use: Scroll            ||     1
  Eat: Chunk             ||     3
Armor: Leather armour    ||    51
Dodge: Dodged            ||   133
